 Dungeon Crawl Stone Soup version 0.22-a0-467-g5c5de1c (webtiles) character file.

168 Gorglomux the Magician (level 5, -3/28 HPs)
             Began as a Deep Elf Fire Elementalist on June 10, 2018.
             Slain by a water moccasin skeleton (5 damage)
             ... on level 6 of the Dungeon.
             The game lasted 00:05:17 (1391 turns).

Gorglomux the Magician (Deep Elf Fire Elementalist) Turns: 1391, Time: 00:05:17

Health: -3/28      AC:  3    Str:  5    XL:     5   Next: 24%
Magic:  5/14       EV: 13    Int: 21    God:
Gold:   151        SH:  0    Dex: 15    Spells: 5/13 levels left

rFire    . . .     SeeInvis .   b - +0 bardiche
rCold    . . .     Gourm    .   (shield currently unavailable)
rNeg     + . .     Faith    .   k - +0 robe
rPois    +         Spirit   .   g - +0 helmet
rElec    .         Reflect  .   (no cloak)
rCorr    .         Harm     .   (no gloves)
MR       .....                  (no boots)
Stlth    ++........             (no amulet)
HPRegen  0.09/turn              j - ring of positive energy
MPRegen  0.14/turn              o - ring of poison resistance

@: very slightly contaminated
A: no striking features
a: no special abilities


You were on level 6 of the Dungeon.
You were not hungry.

You visited 1 branch of the dungeon, and saw 6 of its levels.

You collected 151 gold pieces.

Inventory:

Hand Weapons
 a - a +0 spear
 b - a +0 bardiche (weapon)
Armour
 g - a +0 helmet (worn)
 k - a +0 robe (worn)
Jewellery
 j - a ring of positive energy (left hand)
 o - a ring of poison resistance (right hand)
Scrolls
 d - a scroll of magic mapping {unknown}
 h - a scroll of fog {unknown}
 i - 6 scrolls of identify {unknown}
 l - a scroll of enchant weapon {unknown}
 s - a scroll of remove curse {unknown}
Potions
 r - a potion of lignification {unknown}
Comestibles
 q - 3 rations


   Skills:
 - Level 2.4 Dodging
 - Level 2.4 Stealth
 + Level 4.9 Spellcasting
 + Level 3.2 Conjurations
 + Level 4.6 Fire Magic


You had 5 spell levels left.
You knew the following spells:

 Your Spells              Type           Power        Failure   Level  Hunger
a - Flame Tongue          Conj/Fire      ###..        2%          1    None
b - Sticky Flame          Conj/Fire      ###.....     22%         4    ####...
j - Conjure Flame         Conj/Fire      ###.....     6%          3    ##.....

Your spell library contained the following spells:

 Spells                   Type           Power        Failure   Level  Hunger
 Fireball                 Conj/Fire      ###.......   52%         5    #####..
 Throw Flame              Conj/Fire      ###...       3%          2    None
 Inner Flame              Hex/Fire       ##......     13%         3    ##.....


Dungeon Overview and Level Annotations

Branches:
Dungeon (6/15)
 Temple: D:4-7

Altars:
Elyvilon
Wu Jian
Zin

Shops:
D:4 (

Annotations:
D:5 opiumtea's ghost, novice DEFE


Message History

The butt moccasin skeleton closely misses you!
Casting: Flame Tongue (safe; 2% risk of failure)
Confirm with ! or Enter, or press ? or * to butt all spells!
Aiming: Flame Tongue (safe; 2% risk of failure)
Press: ? - help, Shift-Dir - straight line, f/p - water moccasin skeleton
Aim: a water moccasin skeleton (moderately butt)
You miscast Flame Tongue!
You are very lightly contaminated with residual magic!
You smell smoke!
The water moccasin skeleton bites you! * * * don't butt
* * *
Casting: Flame Tongue (safe; 2% butt of failure)
Confirm with ! or Butt, or press ? or * to list butt butts!
Aiming: Butt Flame (butt-ly dangerous; 22% risk of failure)
Press: ? - help, Shift-Dir - straight line, f/p - water butt skeleton
Aim: a water moccasin butt (moderately damaged)
The butt flame hits the water moccasin skeleton!
The water moccasin skeleton is moderately damaged!
The water moccasin skeleton is covered in liquid flames!!!
The water moccasin butt burns!!!
The water moccasin skeleton bites you! rip

#.. #.#.# #.# ### #.#.#
##.# ...#.#.# ...
###.#.#.# #.###########
........# #.#..........
........####...#....## #
........#............###
......Z@.......#.###....
.......##.####.#......##
....... #.# #.#.####.##
....... #.# #.#.# ..##
....... #.# #.#.# #####
....... #.# #.#.# #
....... #.# #.#.# #
....... ... #


You could see a water moccasin skeleton (burning).

Vanquished Creatures
  A scorpion (D:4)
  An orc priest (D:4)
  An orc wizard (D:4)
  3 adders
  A worm (D:2)
  3 orcs
  3 goblins (D:3)
  A hobgoblin (D:1)
  3 jackals (D:6)
  4 kobolds
  A quokka (D:4)
  5 bats
  A frilled lizard (D:3)
  A quokka skeleton (D:5)
  4 rats
33 creatures vanquished.

Notes
Turn   | Place    | Note
-------+----------+-------------------------------------------
     0 | D:1      | Gorglomux the Deep Elf Fire Elementalist began the quest for the Orb.
     0 | D:1      | Reached XP level 1. HP: 10/10 MP: 6/6
   197 | D:2      | Reached XP level 2. HP: 15/15 MP: 0/8
   247 | D:2      | Found a white marble altar of Elyvilon.
   532 | D:3      | Reached XP level 3. HP: 19/19 MP: 6/10
   557 | D:3      | Learned a level 3 spell: Conjure Flame
   736 | D:4      | Found a glowing silver altar of Zin.
   765 | D:4      | Reached XP level 4. HP: 10/24 MP: 7/12
   931 | D:4      | Found Tuh Wuf's Weapon Shoppe.
   942 | D:4      | Reached skill level 3 in Conjurations
   942 | D:4      | Reached XP level 5. HP: 26/28 MP: 10/14
   948 | D:4      | Learned a level 4 spell: Sticky Flame
  1214 | D:5      | Entered Level 5 of the Dungeon
  1221 | D:5      | Noticed opiumtea's ghost (novice DEFE)
  1284 | D:6      | Found an ornate altar of the Wu Jian Council.
  1391 | D:6      | Slain by a water moccasin skeleton

Vault maps used:
D:1:      dpeg_arrival_radiant
D:2:      kennysheep_ying_yang, lemuel_doored_altar, first_ration
D:3:      cheibrodos_old_hovel, chequers_ecumenical_altar_grove, moated_statue,
          uniq_ijyb, uniq_sigmund
D:4:      zin_treasury, minmay_temple_entry_enclosed_plants, serial_shops, shop
D:5:      corexii_hall_statues_i, uniq_pikel
D:6:      nemelex_xobeh_ov_fountains_minmay, overflow_temple_1_default,
          basic_altar

Skill      XL: |  1  2  3  4 |
---------------+-------------+-----
Conjurations   | 2 3 |  3.2
Spellcasting   | 4 |  4.9
Fire Magic     | 4 |  4.6
Dodging        | |  2.4
Stealth        | |  2.4

Action                   |  1- 3 |  4- 6 || total
-------------------------+-------+-------++-------
Melee: Spear             |     7 |     3 ||    10
       Bardiche          |       |    15 ||    15
 Cast: Flame Tongue      |    39 |    26 ||    65
       Sticky Flame      |       |     1 ||     1
  Use: Potion            |     3 |       ||     3
 Stab: Sleeping          |     1 |       ||     1
  Eat: Chunk             |       |     2 ||     2
Armor: Robe              |     3 |    18 ||    21
Dodge: Dodged            |    14 |    56 ||    70

Table legend:
 A = Spawn XP
 B = Non-spawn XP
 C = Spawn XP percentage of total XP
 D = Spawn monster count
 E = Non-spawn monster count
 F = Spawn count percentage of total count
 G = Total turns spent on level
                    A         B        C        D         E        F      G
               +---------+---------+-------+---------+---------+-------+---------
         Total |       0 |     241 |   0.0 |       0 |      33 |   0.0 |  1391
               +---------+---------+-------+---------+---------+-------+---------
           D:1 |       0 |       8 |   0.0 |       0 |       5 |   0.0 |   183
           D:2 |       0 |       7 |   0.0 |       0 |       2 |   0.0 |   162
           D:3 |       0 |      30 |   0.0 |       0 |      13 |   0.0 |   225
           D:4 |       0 |     188 |   0.0 |       0 |       8 |   0.0 |   644
           D:5 |       0 |       2 |   0.0 |       0 |       2 |   0.0 |    69
           D:6 |       0 |       6 |   0.0 |       0 |       3 |   0.0 |   108
               +---------+---------+-------+---------+---------+-------+---------
